 Dungeon Crawl Stone Soup version 0.19.1 (webtiles) character file.

74 blodskaal the Caller (level 4, -1/24 HPs)
             Began as a Deep Elf Summoner on Dec 10, 2016.
             Slain by an adder (2 damage)
             ... on level 2 of the Dungeon.
             The game lasted 00:27:08 (2168 turns).

blodskaal the Caller (Deep Elf Summoner)            Turns: 2168, Time: 00:27:09

Health: -1/24      AC:  2    Str:  5    XL:     4   Next: 9%
Magic:  2/12       EV: 13    Int: 21    God:
Gold:   87         SH:  0    Dex: 19    Spells: 3 memorised, 5 levels left

rFire  . . .     SeeInvis .     e - +0 short sword
rCold  . . .     Gourm    .     a - +0 robe
rNeg   . . .     Faith    .     (no shield)
rPois  .         Spirit   .     (no helmet)
rElec  .         Reflect  .     (no cloak)
rCorr  .         Harm     .     (no gloves)
MR     .....                    (no boots)
Stlth  ++........               (no amulet)
                                (no ring)
                                l - +4 ring of dexterity

@: lethally poisoned (-1 -> -3), invisible
A: no striking features
a: no special abilities


You were on level 2 of the Dungeon.
You were not hungry.

You visited 1 branch of the dungeon, and saw 2 of its levels.

You collected 87 gold pieces.

Inventory:

Hand Weapons
 e - a +0 short sword (weapon)
 g - a +0 dagger
Missiles
 d - 128 stones (quivered)
 h - 18 poisoned needles
 i - 68 sling bullets
 t - 26 arrows
Armour
 a - a +0 robe (worn)
 p - a +0 robe
Jewellery
 l - a +4 ring of dexterity (left hand)
Scrolls
 m - 2 scrolls of identify
Potions
 f - a potion of mutation
 j - a potion of resistance {unknown}
 k - a potion of might
 o - a potion of degeneration {unknown}
 q - a potion of cure mutation {unknown}
 s - a potion of berserk rage {unknown}
Books
 b - a book of Callings

   Spells                             Type                      Level
   a - Summon Small Mammal            Summoning                    1
   b - Call Imp                       Summoning                    2
   c - Call Canine Familiar           Summoning                    3
   d - Summon Guardian Golem          Hexes/Summoning              3
   e - Summon Lightning Spire         Summoning/Air                4
   f - Summon Ice Beast               Ice/Summoning                4
Comestibles
 c - 3 bread rations
 r - 4 chunks of flesh


   Skills:
 + Level 0.2 Throwing
 + Level 2.7 Dodging
 + Level 2.4 Stealth
 + Level 4.4 Spellcasting
 + Level 5.3 Summonings


You had 5 spell levels left.
You knew the following spells:

 Your Spells              Type           Power        Failure   Level  Hunger
a - Summon Small Mammal   Summ           ####         1%          1    None
b - Call Imp              Summ           ####....     1%          2    #......
c - Summon Guardian Gole  Hex/Summ       ###.....     14%         3    ##.....


Dungeon Overview and Level Annotations

Branches:
Dungeon (2/15)

Altars:


Message History

Your crimson imp hits Jessica. x2
Jessica dies!
You have reached level 4!
You feel clever. The adder misses your crimson imp.
Your crimson imp completely misses the adder.
This spell is quite dangerous to cast!
Memorise Summon Ice Beast, consuming 4 spell levels and leaving 1?
Your crimson imp blinks! x2
Your crimson imp misses the adder.
You start memorising the spell.
You continue memorising.
The adder bites you.
Your memorisation is interrupted.
* * * LOW HITPOINT WARNING * * *
You are lethally poisoned!
The adder poisons you!
It was a potion of invisibility.
You fade into invisibility!
* * * LOW HITPOINT WARNING * * *
You feel sick.
Your crimson imp misses the adder.
The adder bites you.
You die...

#..##...# #.# #.......#
#####.#### ##.....##
#........# ####'##
#.##..##.# ##...##
#.#.#.##.# # ##.....##
#..#...#.# ##
##.......###.#...##.#
.###.........##.#5..##.#
...'........)'..@S5....#
####.........####8ยง.####
##.......## #)#.#
##.....## #..## ##...##
#5## ##'## #.# #.# #.#
#.# #.# #.#


You could see an adder, a friendly guardian golem and 3 friendly crimson imps.

Vanquished Creatures
  An adder (D:2)
  A bat (D:1)
2 creatures vanquished.

Vanquished Creatures (collateral kills)
  Jessica (D:2)
  Ijyb (D:2)
  An adder (D:2)
  3 gnolls (D:2)
  2 leopard geckos (D:1)
  4 bats
  2 giant cockroaches (D:1)
  A goblin (D:1)
  3 hobgoblins
  5 jackals
  A frilled lizard (D:1)
  4 kobolds (D:1)
  5 rats
33 creatures vanquished.

Grand Total: 35 creatures vanquished

Notes
Turn   | Place    | Note
-------+----------+-------------------------------------------
     0 | D:1      | blodskaal the Deep Elf Summoner began the quest for the Orb.
     0 | D:1      | Reached XP level 1. HP: 10/10 MP: 6/6
   497 | D:1      | Reached XP level 2. HP: 11/15 MP: 0/8
   888 | D:1      | Learned a level 2 spell: Call Imp
  1566 | D:2      | Noticed Ijyb
  1578 | D:2      | Killed Ijyb
  1578 | D:2      | Reached skill level 5 in Summonings
  1578 | D:2      | Reached XP level 3. HP: 19/19 MP: 2/10
  2099 | D:2      | Learned a level 3 spell: Summon Guardian Golem
  2127 | D:2      | Noticed Jessica
  2165 | D:2      | Killed Jessica
  2165 | D:2      | Reached XP level 4. HP: 5/24 MP: 2/12
  2168 | D:2      | HP: 1/24 [poisoned by an adder]
  2168 | D:2      | Slain by an adder

Skill      XL: |  1  2  3 |
---------------+----------+-----
Summonings     | 5 |  5.3
Spellcasting   | 4 |  4.4
Throwing       | |  0.2
Dodging        | |  2.7
Stealth        | |  2.4

Action                   |  1- 3 |  4- 6 || total
-------------------------+-------+-------++-------
Melee: Unarmed           |    15 |       ||    15
       Short sword       |    14 |       ||    14
Throw: Stone             |    23 |       ||    23
 Cast: Summon Small Mamm |    59 |       ||    59
       Call Imp          |    44 |       ||    44
       Summon Guardian G |     2 |       ||     2
  Use: Scroll            |     4 |       ||     4
       Potion            |     1 |     1 ||     2
  Eat: Chunk             |     5 |       ||     5
Armor: Robe              |    26 |       ||    26
Dodge: Dodged            |    85 |       ||    85
